 Dungeon Crawl Stone Soup version 0.20-b1-24-gb21faa7 (webtiles) character file.

273 SedStubbie the Chopper (level 6, 0/50 HPs)
             Began as a Barachi Berserker on May 25, 2017.
             Was a Priest of Trog.
             Slain by a worker ant (6 damage)
             ... on level 4 of the Dungeon.
             The game lasted 00:07:15 (3165 turns).

SedStubbie the Chopper (Barachi Berserker)          Turns: 3165, Time: 00:07:15

Health: 0/50       AC:  9    Str: 20    XL:     6   Next: 23%
Magic:  6/6        EV:  8    Int:  8    God:    Trog [***...]
Gold:   131        SH:  0    Dex: 11    Spells: 5/5 levels left

rFire    . . .     SeeInvis .   h - +3 hand axe
rCold    . . .     Gourm    .   (no shield)
rNeg     . . .     Faith    .   g - +0 chain mail
rPois    .         Spirit   .   (no helmet)
rElec    .         Reflect  .   (no cloak)
rCorr    .         Harm     .   (no gloves)
MR       .....                  (no boots)
Stlth    ..........             (no amulet)
Regen    0.2/turn               (no ring)
MPRegen  0.1/turn               (no ring)

@: can't hop, slow
A: +LOS, swims, slowness 1, strong legs 1
a: Hop, Berserk, Trog's Hand, Burn Spellbooks, Renounce Religion


You were on level 4 of the Dungeon.
You worshipped Trog.
Trog was most pleased with you.
You were not hungry.

You visited 1 branch of the dungeon, and saw 4 of its levels.

You collected 131 gold pieces.

Inventory:

Hand Weapons
 h - a +3 hand axe (weapon)
Armour
 g - a +0 chain mail (worn)
Jewellery
 p - a +1 ring of protection {unknown}
Wands
 o - a wand of confusion (19/48)
Scrolls
 b - 2 scrolls of remove curse
 j - a scroll of identify {unknown}
 k - a scroll of random uselessness {unknown}
 l - a scroll of enchant weapon {unknown}
 n - a scroll of magic mapping {unknown}
Potions
 a - 2 potions of ambrosia {unknown}
 d - 5 potions of curing {unknown}
 e - 3 potions of invisibility {unknown}
 f - a potion of mutation {unknown}
 m - a potion of heal wounds {unknown}
Comestibles
 c - 2 bread rations
 i - 2 chunks of flesh


   Skills:
 + Level 4.8 Fighting
 * Level 5.7 Axes
 + Level 4.7 Armour
 - Level 2.1 Dodging


You had 5 spell levels left.
You didn't know any spells.

Dungeon Overview and Level Annotations

Branches:
Dungeon (4/15)
 Temple: D:4-7

Altars:
Hepliaklqana
Makhleb
Okawaru
Vehumet
The Shining One

Annotations:
D:4 Menkaure


Innate Abilities, Weirdness & Mutations

Shadows flee at your approach. (+LOS)
You can swim through water.
You cover ground slowly.
You can hop short distances.


Message History

Menkaure calls on the powers of darkness!
The orc convulses!
The orc priest convulses!
The orc convulses!
The worker ant convulses!
Your body is wracked with pain!
The worker ant barely misses you.
The worker ant bites you but does no damage.
Menkaure calls on the powers of darkness!
The orc convulses! x2; The worker ant convulses!
Your body is wracked with pain!
* * * LOW HITPOINT WARNING * * *
Unknown command.
Unknown command.
Unknown command.
Hop to where?
Press: ? - help, Dir - move target cursor Boing!
Menkaure calls on the powers of darkness!
The orc convulses!
The worker ant convulses!
Your body is wracked with pain!
* * * LOW HITPOINT WARNING * * *
The worker ant barely misses you. The worker ant bites you.
You die...

##..## ##..## ##†###
#######.##
###<..#..##
#######)))....##
##......)#######
#......)## #.....@##
#....a## #######
#......#####.....##
##...o............##
##................#
#.M..........###.
##..###.##...##
#o.## ######..##
##.## ##g.#


You could see Menkaure, a worker ant and 2 orcs.

Vanquished Creatures
  A gnoll shaman (D:4)
  An iguana (D:4)
  2 worker ants
  An adder (D:3)
  5 gnolls (D:4)
  An ooze (D:1)
  2 adder zombies (D:3)
  A dart slug (D:2)
  3 leopard geckos
  2 orcs (D:3)
  10 bats
  10 giant cockroaches
  10 goblins
  6 hobgoblins
  13 jackals
  2 quokkas
  4 frilled lizards
  A giant cockroach zombie (D:3)
  5 kobolds
  A leopard gecko zombie (D:3)
  2 quokka skeletons
  9 rats
92 creatures vanquished.

Notes
Turn   | Place    | Note
-------+----------+-------------------------------------------
     0 | D:1      | SedStubbie the Barachi Berserker began the quest for the Orb.
     0 | D:1      | Reached XP level 1. HP: 18/18 MP: 1/1
   401 | D:1      | Reached XP level 2. HP: 18/25 MP: 2/2
   702 | D:1      | Found a glowing golden altar of the Shining One.
   908 | D:1      | Reached XP level 3. HP: 28/30 MP: 3/3
   914 | D:1      | Reached skill level 4 in Axes
  1198 | D:2      | Reached ** piety under Trog
  1519 | D:2      | Found a radiant altar of Vehumet.
  1519 | D:2      | Found a burning altar of Makhleb.
  1633 | D:2      | Found a hazy altar of Hepliaklqana.
  1667 | D:2      | Reached XP level 4. HP: 37/37 MP: 4/4
  1893 | D:3      | Found an iron altar of Okawaru.
  2096 | D:3      | Found a faded altar of an unknown god.
  2321 | D:3      | Reached *** piety under Trog
  2321 | D:3      | Reached XP level 5. HP: 39/42 MP: 5/5
  2393 | D:3      | Reached skill level 5 in Axes
  2841 | D:4      | Reached XP level 6. HP: 43/49 MP: 6/6
  3142 | D:4      | Noticed Menkaure
  3165 | D:4      | Slain by a worker ant

Skill      XL: |  1  2  3  4  5 |
---------------+----------------+-----
Armour         | 3 4 |  4.7
Axes           | 4 5 |  5.7
Fighting       | 4 |  4.8
Dodging        | |  2.1

Action                   |  1- 3 |  4- 6 || total
-------------------------+-------+-------++-------
Melee: Mace              |    16 |       ||    16
       Hand axe          |   106 |   142 ||   248
Invok: Berserk           |       |     1 ||     1
 Abil: Hop               |       |     2 ||     2
  Use: Scroll            |     1 |       ||     1
  Eat: Chunk             |     3 |     5 ||     8
       Royal jelly       |       |     1 ||     1
Armor: Animal skin       |     6 |       ||     6
       Chain mail        |    61 |    84 ||   145
Dodge: Dodged            |    72 |    78 ||   150
